AoeStats
← serhatdogansurucu

Arabian Desert

509874881Analyzed
1v1 RM · 4d ago on Sep 28, 2026· 30m 21s· 2 players
Game mode
Random Map
Map size
Tiny (2 player)
Population
200
Speed
Normal
Resources
Standard
Victory
Conquest
Starting age
Dark Age
Ending age
Imperial Age
RankedLock teamsTeams togetherTeam positionsShared explorationLock speedFull tech treeHidden civsTurbo modeCheats
Victory
Defeat
🇷🇴 Bohemians · Romania
713
+17
🇹🇷 Lithuanians · Türkiye
734
-17
alex.bujicu
10:28 Feudal Age
8:44 Loom
12:05 Double-Bit Axe
20:16 Castle Age
serhatdogansurucu
12:54 Feudal Age
14:53 Double-Bit Axe
15:24 Horse Collar
17:18 Wheelbarrow
16:37 Gold Mining
16:37 Stone Mining
20:45 Man-at-Arms
25:56 Castle Age
24:01 Scale Mail Armor
23:52 Fletching
24:13 Forging
24:14 Arson
24:38 Stone Mining
26:17 Scale Barding Armor
26:46 Heavy Plow
26:58 Bow Saw
Connection lost

Rejoining the realm…

Still unreachable

The connection could not be restored.

Session expired

The server has moved on; the page needs a fresh start.